 Dungeon Crawl Stone Soup version 0.17-a0-1646-geb1493d (webtiles) character file.

12213 matakusis the Blocker (level 11, -1/74 HPs)
             Began as a Demonspawn Gladiator on Aug 10, 2015.
             Was an Elder of Qazlal.
             Slain by an unseen horror (9 damage)
             ... in a labyrinth.
             The game lasted 01:08:39 (12696 turns).

matakusis the Blocker (Demonspawn Gladiator)       Turns: 12696, Time: 01:08:40

Health: -1/74      AC: 11    Str: 18    XL:     11   Next: 59%
Magic:  11/11      EV: 14    Int:  9    God:    Qazlal [****..]
Gold:   622        SH: 23    Dex: 15    Spells: 0 memorised, 10 levels left

rFire  + . .     SeeInvis .     a - +1 war axe
rCold  . . .     Clarity  +     G - +0 troll leather armour
rNeg   + . .     SustAt   +     s - +0 large shield
rPois  +         Gourm    .     c - +0 helmet
rElec  +         Spirit   .     u - +0 cloak
rCorr  +         Warding  +     (gloves unavailable)
rMut   .         Stasis   .     o - +0 pair of boots of Vanity {rElec rF+ Regen+ rCorr}
MR     .....                    k - amulet of warding
Stlth  +.........               (no ring)
                                f - ring of sustain attributes

@: about to teleport, repel missiles, not resistant to hostile enchantments,
very unstealthy
A: claws 3, talons 1, slimy green scales 2, clarity, demonic guardian 2, frail
1, sense surroundings 1, poison resistance, wild magic 1, no device heal 1
a: Upheaval, Elemental Force, Renounce Religion


You were in a labyrinth.
You worshipped Qazlal.
Qazlal was greatly pleased with you.
You were not hungry.

You visited 3 branches of the dungeon, and saw 12 of its levels.
You also visited: Labyrinth.

You collected 622 gold pieces.

Inventory:

Hand weapons
 a - a +1 war axe (weapon)
 i - a +0 hammer
 C - the +8 dagger "Giddor" {speed, rElec Str+7}
   (You found it on level 8 of the Dungeon)

   Attacks with this weapon are significantly faster.
   It affects your strength (+7).
   It insulates you from electricity.
Missiles
 d - 3 throwing nets (quivered)
Armour
 c - a +0 helmet (worn)
 o - the +0 pair of boots of Vanity (worn) {rElec rF+ Regen+ rCorr}
   (You found it on level 7 of the Dungeon)

   It protects you from fire.
   It insulates you from electricity.
   It increases your rate of regeneration.
   It protects you from acid and corrosion.
 s - a +0 large shield (worn)
 u - a +0 cloak (worn)
 G - a +0 troll leather armour (worn)
Magical staves
 h - an uncursed staff of earth
Jewellery
 f - a ring of sustain attributes (left claw)
 k - an amulet of warding (around neck)
Magical devices
 l - a wand of digging (19)
 t - a wand of flame (30)
 y - a wand of magic darts (34)
 A - a wand of magic darts (15)
 J - a wand of cold (4)
Scrolls
 g - 6 scrolls of remove curse
 n - a scroll of amnesia
 v - a scroll of enchant armour
 E - 2 scrolls of teleportation
 L - a scroll of silence
Potions
 m - 2 potions of flight
 w - 2 potions of magic
 z - 2 potions of might
 B - a potion of brilliance {unknown}
 F - a potion of cancellation
 I - 2 potions of haste {unknown}
Miscellaneous
 N - a fan of gales
Comestibles
 e - 7 bread rations
 j - 3 meat rations
 q - 5 slices of pizza
 r - 4 beef jerkies
 H - a royal jelly
 M - 7 fruits


   Skills:
 + Level 6.7 Fighting
 + Level 0.5 Short Blades
 + Level 7.4 Axes
 + Level 1.7 Throwing
 + Level 3.7 Armour
 + Level 8.7 Dodging
 * Level 11.1 Shields
 + Level 0.3 Unarmed Combat


You had 10 spell levels left.
You didn't know any spells.

Dungeon Overview and Level Annotations

Branches:
Dungeon (8/15)             Temple (1/1) D:6            Lair (3/8) D:8
  Swamp (0/4) Lair:3
  Snake: Lair:3-6    Spider: Lair:3-6

Altars:
Ashenzari
Dithmenos
Elyvilon
Gozag
Kikubaaqudgha
Makhleb
Nemelex Xobeh
Okawaru
Qazlal
Ru
Sif Muna
Trog
Vehumet
Xom
Yredelemnul
Zin
The Shining One


Innate Abilities, Weirdness & Mutations

You have claws for hands.
You are mostly covered in slimy green scales (AC +3).
A demonic guardian rushes to your aid.
You have sharp toenails.
You possess an exceptional clarity of mind.
You are frail (-10% HP).
You passively map a small area around you.
Your system is resistant to poisons.
Your spells are a little harder to cast, but a little more powerful.
Potions and wands are less effective at restoring your health.


Message History

You feel a little less mighty now. You block its attack.
Something hits you but does no damage.
You hit something but do no damage. x2
You feel less woody.
Your +0 cloak unmelds from your body.
Your +0 helmet unmelds from your body.
The +0 pair of boots of Vanity {rElec rF+ Regen+ rCorr} unmelds from your body.
Your +0 troll leather armour unmelds from your body.
Something hits you.
* * * LOW HITPOINT WARNING * * *
Something hits you.
* * * LOW HITPOINT WARNING * * *
Drink which item? (? for menu, Esc to quit)
Okay, then.
Read which item? (? for menu, Esc to quit)
As you read the scroll of teleportation, it crumbles to dust.
You feel strangely unstable. Something hits you but does no damage.
Something hits you.
* * * LOW HITPOINT WARNING * * *
Something hits you!
You die...

. . .# ▓
##.###.#.#.#. #.
......... .
#.####.###.▓ .
..#..#.....▓ .#
##.#..#..#
.....####.#. ▓
######.§....#. ▓
#.....@§#...#.
.#.#####.#.#.###.▓
. . .... .#...▓ ▓▓
▓▓▓▓▓▓ ▓


There were no monsters in sight!

Vanquished Creatures
  An oklob plant (Lair:2)
  3 spiny frogs
  A black mamba (Lair:2)
  2 blink frogs (Lair:2)
  A basilisk (Lair:2)
  4 yaks (D:8)
  2 hippogriffs
  6 wolves
  A swamp worm (Lair:3)
  A phantom (D:8)
  4 porcupines
  3 necrophages (Lair:2)
  3 ice beasts
  3 sky beasts
  An ogre (D:8)
  A centaur (D:8)
  4 crocodiles
  5 giant frogs
  A scorpion (D:5)
  2 water moccasin skeletons (D:5)
  2 jellies (D:8)
  3 electric eels
  2 killer bees (D:7)
  A crimson imp (D:7)
  2 orc wizards (D:3)
  5 hounds
  Crazy Yiuf (D:4)
  3 orc priests
  A gnoll shaman (D:5)
  A wasp zombie (D:6)
  A centaur skeleton (D:4)
  9 worker ants
  A giant frog skeleton (D:5)
  An iguana (Lair:1)
  20 sheep
  A hound skeleton (D:4)
  4 gnolls
  13 adders
  26 river rats
  2 adder zombies
  3 worms
  6 giant geckos
  23 orcs
  10 giant cockroaches
  5 hobgoblins
  5 jackals
  7 kobolds
  8 quokkas
  5 ball pythons
  2 bats
  2 giant newts
  10 goblins
  A jackal skeleton (D:4)
  3 rats
  4 fungi (Lair:2)
  3 plants (Lair:2)
245 creatures vanquished.

Vanquished Creatures (collateral kills)
  A hydra (Lair:2)
  Nergalle (Lair:3)
  Maurice (D:8)
  A black mamba (Lair:1)
  A spiny frog (Lair:1)
  A komodo dragon (Lair:3)
  The ghost of Ajdolov the Conjurer, an experienced TeAE of Vehumet (D:4)
  A troll (D:8)
  A two-headed ogre (D:7)
  2 blink frogs (Lair:2)
  3 slime creatures (D:8)
  8 yaks
  A wyvern (D:8)
  A hippogriff (Lair:3)
  4 basilisks (Lab)
  A human (D:7)
  5 wolves
  A water moccasin (Lair:1)
  A black bear (D:6)
  2 phantoms
  3 ogres (D:4)
  2 giant frogs (D:8)
  A scorpion (D:4)
  A killer bee (D:7)
  3 electric eels (D:8)
  3 hounds
  An iguana (D:8)
  4 gnolls
  A river rat (Lair:3)
  A giant gecko (D:4)
  2 plants (Lair:2)
60 creatures vanquished.

Vanquished Creatures (others)
  An adder (D:3)
  2 fungi
3 creatures vanquished.

Grand Total: 308 creatures vanquished

Notes
Turn   | Place    | Note
--------------------------------------------------------------
     0 | D:1      | matakusis the Demonspawn Gladiator began the quest for the Orb.
     0 | D:1      | Reached XP level 1. HP: 16/16 MP: 1/1
   146 | D:1      | Reached skill level 3 in Dodging
   231 | D:1      | Gained mutation: You are partially covered in slimy green scales (AC +2). [demonic ancestry]
   231 | D:1      | Reached XP level 2. HP: 19/22 MP: 2/2
  1278 | D:2      | Gained mutation: A weak demonic guardian rushes to your aid. [demonic ancestry]
  1278 | D:2      | Reached XP level 3. HP: 13/27 MP: 3/3
  1789 | D:2      | Reached skill level 1 in Armour
  1980 | D:2      | Found a white marble altar of Elyvilon.
  2055 | D:2      | Gained mutation: A demonic guardian rushes to your aid. [demonic ancestry]
  2055 | D:2      | Reached XP level 4. HP: 25/34 MP: 4/4
  2665 | D:3      | Gained mutation: You are mostly covered in slimy green scales (AC +3). [demonic ancestry]
  2665 | D:3      | Reached XP level 5. HP: 32/39 MP: 5/5
  2856 | D:3      | Reached skill level 1 in Shields
  3857 | D:4      | Gained mutation: You have sharp fingernails. [demonic ancestry]
  3857 | D:4      | Reached XP level 6. HP: 41/46 MP: 6/6
  4169 | D:4      | Noticed an ogre
  4174 | D:4      | Killed an ogre
  4190 | D:4      | Found an iron altar of Okawaru.
  4239 | D:4      | Noticed an ogre
  4244 | D:4      | Killed an ogre
  4244 | D:4      | Reached skill level 4 in Axes
  4570 | D:4      | Noticed Ajdolov's ghost (experienced TeAE)
  4572 | D:4      | Gained mutation: Your system is resistant to poisons. [potion of beneficial mutation]
  4583 | D:4      | Killed Ajdolov's ghost
  4583 | D:4      | Gained mutation: You have very sharp fingernails. [demonic ancestry]
  4583 | D:4      | Reached XP level 7. HP: 48/52 MP: 7/7
  4783 | D:4      | Gained mutation: You evolve. [potion of beneficial mutation]
  5022 | D:4      | Noticed a phantom
  5028 | D:4      | Killed a phantom
  5055 | D:4      | Noticed Crazy Yiuf
  5063 | D:4      | Killed Crazy Yiuf
  5296 | D:5      | Entered Level 5 of the Dungeon
  5333 | D:5      | Found a bloodstained altar of Trog.
  5650 | D:5      | Reached XP level 8. HP: 35/60 MP: 8/8
  6043 | D:5      | You fall through a shaft!
  6062 | D:6      | Found a basalt altar of Yredelemnul.
  6069 | D:6      | Found a shadowy altar of Dithmenos.
  6118 | D:6      | Reached skill level 5 in Dodging
  6118 | D:6      | Reached skill level 5 in Shields
  6166 | D:6      | Found a staircase to the Ecumenical Temple.
  6174 | Temple   | Entered the Ecumenical Temple
  6499 | Temple   | Became a worshipper of Qazlal Stormbringer
  7246 | D:7      | Reached skill level 5 in Axes
  7253 | D:7      | Lost mutation: You evolve. [mutagenic meat]
  7254 | D:7      | Gained mutation: You possess an exceptional clarity of mind. [mutagenic meat]
  7255 | D:7      | Gained mutation: Potions and wands are less effective at restoring your health. [mutagenic meat]
  7274 | D:7      | Found an ancient bone altar of Kikubaaqudgha.
  7327 | D:7      | Gained mutation: You have claws for hands. [mutagenic meat]
  7328 | D:7      | Gained mutation: You passively map a small area around you. [mutagenic meat]
  7490 | D:7      | Reached skill level 6 in Shields
  7684 | D:7      | Acquired Qazlal's first power
  7811 | D:7      | Got a pair of encrusted boots
  7817 | D:7      | Identified the +0 pair of boots of Vanity {rElec rF+ Regen+ rCorr} (You found it on level 7 of the Dungeon)
  7818 | D:7      | Found a glowing golden altar of the Shining One.
  8039 | D:7      | Reached XP level 9. HP: 66/66 MP: 9/9
  8817 | D:8      | Noticed Maurice
  8824 | D:8      | Killed Maurice
  8824 | D:8      | Reached skill level 5 in Fighting
  8836 | D:8      | Reached skill level 7 in Shields
  8974 | D:8      | Acquired Qazlal's second power
  8996 | D:8      | Reached skill level 8 in Shields
  9250 | D:8      | Reached XP level 10. HP: 50/74 MP: 10/10
  9369 | D:8      | Gained mutation: Your spells are a little harder to cast, but a little more powerful. [mutagenic meat]
  9440 | D:8      | Got a blackened dagger
  9441 | D:8      | Identified the +8 dagger "Giddor" {speed, rElec Str+7} (You found it on level 8 of the Dungeon)
  9481 | D:8      | Found a staircase to the Lair.
  9783 | Lair:1   | Entered Level 1 of the Lair of Beasts
  9788 | Lair:1   | Reached skill level 9 in Shields
 10034 | Lair:1   | Noticed a black mamba
 10037 | Lair:1   | Killed a black mamba
 10366 | Lair:1   | Acquired Qazlal's third power
 10895 | Lair:2   | Noticed a seven-headed hydra
 10905 | Lair:2   | Killed a nine-headed hydra
 10905 | Lair:2   | Reached skill level 10 in Shields
 10970 | Lair:2   | Reached XP level 11. HP: 81/81 MP: 11/11
 11046 | Lair:2   | Noticed an oklob plant
 11160 | Lair:2   | Killed an oklob plant
 11215 | Lair:2   | Noticed a black mamba
 11219 | Lair:2   | Killed a black mamba
 11263 | Lair:2   | Acquired Qazlal's fourth power
 11990 | Lair:3   | Noticed Nergalle
 11996 | Lair:3   | Killed Nergalle
 12009 | Lair:3   | Reached skill level 11 in Shields
 12047 | Lair:3   | Found a staircase to the Swamp.
 12159 | Lair:3   | Found a labyrinth entrance.
 12164 | Lab      | Entered a labyrinth
 12691 | Lab      | Gained mutation: You are frail (-10% HP). [potion of mutation]
 12691 | Lab      | Gained mutation: You are weak. (Str -2) [potion of mutation]
 12692 | Lab      | Gained mutation: You have sharp toenails. [potion of mutation]
 12692 | Lab      | Lost mutation: You are weak. (Str -2) [potion of mutation]
 12696 | Lab      | Slain by an unseen horror

Vault maps used:
D:1:      dpeg_arrival_solitude
D:2:      first_bread, elyvilon_altar_4
D:4:      okawaru_trees_1, grunt_ministairs_2, uniq_crazy_yiuf_cottage
D:5:      kennysheep_mini
D:6:      grunt_temple_overflow_open, minmay_temple_entry_large_hall
D:7:      grunt_livestock, hangedman_feature_mirror
D:8:      erik_lair_island, uniq_maurice
Temple:   dpeg_five_rooms_temple_12
Lair:1:   infiniplex_staircase_pool_2
Lair:2:   minmay_lair_oklob_chamber, roderic_carrion_pond, lemuel_fruit_tree
Lair:3:   nicolae_swamp_entry_splash_gauntlet, lab_entry_generic, uniq_nergalle
Lab:      nicolae_lab_t_cross, nicolae_lab_very_dead_end, labyrinth_glass_1,
          nicolae_lab_grate, lab_block

Action                   |  1- 3 |  4- 6 |  7- 9 | 10-12 || total
-------------------------+-------+-------+-------+-------++-------
Melee: War axe           |    99 |   165 |   363 |   406 ||  1033
       Unarmed           |       |       |    20 |       ||    20
       Dagger            |       |       |       |    37 ||    37
  Use: Scroll            |       |    14 |     9 |     3 ||    26
       Potion            |       |     3 |     4 |    10 ||    17
 Stab: Sleeping          |       |       |     1 |       ||     1
       Distracted        |       |       |     1 |     4 ||     5
  Eat: Chunk             |     3 |     9 |    18 |    12 ||    42
       Pizza             |       |       |     1 |     2 ||     3
       Fruit             |       |       |       |     1 ||     1
